 Dungeon Crawl Stone Soup version 0.28.0-53-g5a82cb258f (webtiles) character file.

Game seed: 5176610004419718714

462 Zeld the Ruffian (level 6, 0/50 HPs)
             Began as a Draconian Transmuter on May 21, 2022.
             Killed from afar by an orc wizard (8 damage)
             ... with a magic dart
             ... on level 4 of the Dungeon.
             The game lasted 00:04:25 (5159 turns).

Zeld the Ruffian (Draconian Transmuter)             Turns: 5159, Time: 00:04:26

Health: 0/50       AC:  2    Str: 15    XL:     6   Next: 79%
Magic:  7/11       EV: 20    Int: 13    God:
Gold:   135        SH:  0    Dex: 16    Spells: 1/11 levels left

rFire   . . .      SeeInvis .     - Unarmed
rCold   . . .      Faith    .   (shield currently unavailable)
rNeg    . . .      Spirit   .   (armour unavailable)
rPois   .          Reflect  .   (helmet currently unavailable)
rElec   .          Harm     .   (cloak currently unavailable)
rCorr   .          Rampage  .   (gloves currently unavailable)
Will    .....                   (boots currently unavailable)
Stlth   +.........              (no amulet)
HPRegen 0.16/turn               b - ring of poison resistance
MPRegen 0.12/turn               q - ring of wizardry

@: spider-form (expiring)
A: venomous fangs, AC +6, tiny, unfitting armour, (cold-blooded)
a: End Transformation


You were on level 4 of the Dungeon.
You were a venomous arachnid creature.
You visited 1 branch of the dungeon, and saw 4 of its levels.

You collected 135 gold pieces.

Inventory:

Armour
 u - a +1 cloak (melded)
Jewellery
 b - a ring of poison resistance (left front leg)
 q - a ring of wizardry (right front leg)
Wands
 n - a wand of flame (11)
Scrolls
 d - a scroll of fear {unknown}
 e - 5 scrolls of identify {unknown}
 f - 2 scrolls of enchant armour {unknown}
 g - a scroll of magic mapping {unknown}
 i - a scroll of vulnerability {unknown}
 j - a scroll of acquirement {unknown}
 k - a scroll of enchant weapon {unknown}
 l - 2 scrolls of immolation {unknown}
 m - 3 scrolls of teleportation {unknown}
 p - a scroll of amnesia {unknown}
 s - a scroll of fog {unknown}
Potions
 a - a potion of degeneration {unknown}
 c - a potion of brilliance {unknown}
 h - a potion of lignification {unknown}
 o - a potion of flight {unknown}
 r - a potion of magic {unknown}
 t - a potion of heal wounds {unknown}
 v - a potion of resistance {unknown}
 w - a potion of might {unknown}
 x - a potion of invisibility {unknown}


   Skills:
 + Level 2.5 Fighting
 + Level 2.7 Dodging
 * Level 4.3 Unarmed Combat
 * Level 3.4 Spellcasting
 * Level 3.6 Transmutations
 + Level 1.9 Ice Magic
 + Level 1.9 Poison Magic


You had one spell level left.
You knew the following spells:

 Your Spells              Type           Power      Damage    Failure   Level
a - Beastly Appendage     Tmut           22%        N/A       6%          1
b - Wereblood             Tmut           11%        N/A       9%          2
c - Spider Form           Tmut/Pois      9%         N/A       19%         3
d - Ice Form              Ice/Tmut       9%         N/A       43%         4

Your spell library contained the following spells:

 Spells                   Type           Power      Damage    Failure   Level
 Ignite Poison            Fire/Tmut/Pois 6%         N/A       24%         3
 Mephitic Cloud           Conj/Pois/Air  3%         N/A       34%         3
 Freezing Cloud           Conj/Ice/Air   1%         6-21      93%         5


Dungeon Overview and Level Annotations

Branches:
Dungeon (4/15)
 Temple: D:4-7

Altars:


Innate Abilities, Weirdness & Mutations

You are a venomous arachnid creature.
You have poisonous fangs.
You are tiny and dextrous.
Your spellcasting is less reliable in this form.
Your armour is entirely melded.
You are incapable of wielding weapons or throwing items.
((Your plain brown scales are hard. (AC +6)))
You cannot fit into any form of body armour.
((You are cold-blooded and may be slowed by cold attacks.))


Message History

Confirm with . or Enter, or press ? or * to list all spells.
You turn into a venomous arachnid creature.
Your +1 cloak melds into your body.
The scorpion misses you. x2
You hit the scorpion.
The scorpion is lightly wounded.
The scorpion barely misses you.
You hit the scorpion.
The scorpion is heavily wounded.
The scorpion misses you.
Unknown command.
You hit the scorpion but do no damage.
The scorpion is heavily wounded.
An orc wizard comes into view. It is wielding a +0 dagger.
The scorpion stings you.
The orc wizard shouts!
You hit the scorpion.
The scorpion is poisoned.
The scorpion is heavily wounded.
The orc wizard mumbles some strange words.
The orc wizard flickers and vanishes!
Deactivating autopickup; reactivate with Ctrl-A.
The scorpion barely misses you.
You hit the scorpion.
The scorpion looks as sick as possible!
The scorpion is almost dead.
The scorpion stings you!
Unknown command.
You kill the scorpion!
A puff of flame appears from out of thin air!
The puff of flame hits you!
* * * LOW HITPOINT WARNING * * *
You hit something but do no damage. Something barely misses you.
You barely miss something.
You hear some strange, mumbled words.
Something tries to affect you, but you resist.
You closely miss something. Something hits you but does no damage.
You hit something.
Your transformation is almost over.
You hear some strange, mumbled words.
A magic dart appears from out of thin air!
The magic dart hits you!
You die...

##### #..^# #.#.#
####.###.#.#########
.....[...........).#
#..#.###.######.##)##
#.# #.##..# #.#
#.###.## #s# #<# #..#
#{# ######.# # #†#
#......# # #.).#
#.###†.# # ##### #.#
#..# # ...###..####
............
#########.### #.##


There were no monsters in sight!

Vanquished Creatures
  A necrophage (D:4)
  An orc warrior (D:3)
  A scorpion (D:4)
  An orc priest (D:4)
  Jessica (D:3)
  Terence (D:3)
  An orc wizard (D:4)
  Robin (D:2)
  An adder (D:2)
  4 worms
  6 dart slugs
  2 orcs (D:4)
  9 ball pythons
  4 bats
  5 endoplasms
  3 giant cockroaches
  9 goblins
  7 hobgoblins
  3 jackals (D:1)
  4 quokkas
  A frilled lizard (D:1)
  4 kobolds
  6 rats
76 creatures vanquished.

Notes
Turn   | Place    | Note
-------+----------+-------------------------------------------
     0 | D:1      | Zeld the Draconian Transmuter began the quest for the Orb.
     0 | D:1      | Reached XP level 1. HP: 16/16 MP: 3/3
    83 | D:1      | Reached XP level 2. HP: 2/23 MP: 3/5
   273 | D:1      | Learned a level 2 spell: Wereblood
  1542 | D:2      | Reached XP level 3. HP: 28/28 MP: 4/6
  1546 | D:2      | Learned a level 3 spell: Spider Form
  1665 | D:2      | Noticed Robin
  1718 | D:2      | Killed Robin
  2273 | D:2      | Reached skill level 1 in Poison Magic
  2273 | D:2      | Reached XP level 4. HP: 34/35 MP: 5/7
  2653 | D:2      | Found a faded altar of an unknown god.
  2841 | D:3      | Reached skill level 1 in Ice Magic
  2858 | D:3      | Noticed Jessica
  2865 | D:3      | Killed Jessica
  3119 | D:3      | Noticed Terence
  3183 | D:3      | Killed Terence
  3184 | D:3      | Reached XP level 5. HP: 17/41 MP: 1/9
  3650 | D:4      | Noticed a necrophage
  3665 | D:4      | Killed a necrophage
  3666 | D:4      | Reached skill level 4 in Unarmed Combat
  3672 | D:4      | Learned a level 4 spell: Ice Form
  3809 | D:4      | Noticed an orc warrior
  4523 | D:3      | Killed an orc warrior
  4524 | D:3      | Reached XP level 6. HP: 12/49 MP: 7/10
  5159 | D:4      | Killed from afar by an orc wizard

Illustrated notes

Levels and vault maps discovered:
D:1:      scummos_arrival_star, layout_basic, minmay_tall_x
D:2:      layout_basic, dilly_ecumenical_altar_fadedgnrine,
          roderic_serpentine_path, minmay_circle_x, uniq_robin
D:3:      layout_basic, uniq_terence, uniq_jessica
D:4:      layout_basic

Skill      XL: |  1  2  3  4  5 |
---------------+----------------+-----
Dodging        | 2 |  2.7
Poison Magic   | 1 |  1.9
Ice Magic      | 1 |  1.9
Fighting       | 2 |  2.5
Unarmed Combat | 4 |  4.3
Spellcasting   | 3 |  3.4
Transmutations | 3 |  3.6

Action                   |  1- 3 |  4- 6 || total
-------------------------+-------+-------++-------
Melee: Unarmed           |   126 |    94 ||   220
       Kick              |    19 |    12 ||    31
       Headbutt          |    10 |     5 ||    15
       Tailslap          |     7 |     4 ||    11
       Punch             |     2 |     2 ||     4
 Cast: Beastly Appendage |    32 |    13 ||    45
       Spider Form       |     1 |     9 ||    10
       Wereblood         |     1 |       ||     1
Armor: Skin              |    44 |    13 ||    57
Dodge: Dodged            |   111 |    75 ||   186
